 Dungeon Crawl Stone Soup version 0.28.0-1-gb440e238dd (webtiles) character file.

Game seed: 4961642984913882034

502 yaddayadda the Magician (level 6, 0/66 HPs)
             Began as a Demonspawn Hedge Wizard on Feb 21, 2022.
             Succumbed to a gnoll sergeant's poison
             ... on level 5 of the Dungeon.
             The game lasted 00:19:08 (5120 turns).

yaddayadda the Magician (Demonspawn Hedge Wizard)   Turns: 5120, Time: 00:19:09

Health: 0/66       AC: 10    Str:  7 (10) XL:     6   Next: 95%
Magic:  11/12      EV: 11    Int: 21 (22) God:
Gold:   343        SH:  0    Dex: 11 (12) Spells: 8/13 levels left

rFire   . . .      SeeInvis .   a - +5 dagger "Olao" {pain, Int+4}
rCold   . . .      Faith    .   (no shield)
rNeg    . . .      Spirit   .   g - +0 leather armour
rPois   .          Reflect  .   x - +1 helmet
rElec   .          Harm     .   (no cloak)
rCorr   +          Rampage  .   (no gloves)
Will    .....                   i - +0 pair of boots
Stlth   ..........              (no amulet)
HPRegen 0.21/turn               (no ring)
MPRegen 0.13/turn               (no ring)

@: berserking, lethally poisoned (0 -> -14), very quick
A: hooves 1, yellow scales 3
a: no special abilities


You were on level 5 of the Dungeon.
You visited 1 branch of the dungeon, and saw 5 of its levels.

You collected 363 gold pieces.
You spent 20 gold pieces at shops.

Inventory:

Hand Weapons
 a - the +5 dagger "Olao" (weapon) {pain, Int+4}
   (You took it off a hobgoblin on level 3 of the Dungeon)

   In the hands of one skilled in necromantic magic, it inflicts extra damage on
   living creatures.
   Int:       It affects your intelligence (+4).
 b - a +2 hunting sling of flaming
 u - a +0 dagger
Missiles
 e - 2 atropa-tipped darts
 l - 6 curare-tipped darts
 o - 10 poisoned darts
 p - 47 stones
 q - 2 sling bullets
Armour
 c - a +0 hat
 g - a +0 leather armour (worn)
 i - a +0 pair of boots (worn)
 j - a +0 robe
 k - an orb of mayhem
 x - a +1 helmet (worn)
Jewellery
 s - a ring of magical power
Scrolls
 h - 4 scrolls of teleportation
 m - 4 scrolls of identify
 n - a scroll of noise
Potions
 d - a potion of berserk rage
 f - 2 potions of might {unknown}


   Skills:
 + Level 1.6 Fighting
 + Level 0.4 Short Blades
 * Level 4.0 Slings
 + Level 1.8 Armour
 + Level 2.0 Dodging
 + Level 2.2 Stealth
 + Level 4.3 Spellcasting
 + Level 1.4 Conjurations
 + Level 1.8 Summonings
 + Level 1.1 Translocations


You had 8 spell levels left.
You knew the following spells:

 Your Spells              Type           Power      Damage    Failure   Level
a - Magic Dart            Conj           40%        1d5       10%         1
b - Call Imp              Summ           12%        N/A       12%         2
c - Blink                 Tloc           18%        N/A       16%         2

Your spell library contained the following spells:

 Spells                   Type           Power      Damage    Failure   Level
 Slow                     Hex            16%        N/A       17%         1
 Sublimation of Blood     Necr           4%         N/A       26%         2
 Wereblood                Tmut           4%         N/A       26%         2
 Conjure Flame            Conj/Fire      7%         6-21      36%         3
 Mephitic Cloud           Conj/Pois/Air  6%         N/A       38%         3
 Summon Hydra             Summ           6%         N/A       100%        7


Dungeon Overview and Level Annotations

Branches:
Dungeon (5/15)
 Temple: D:4-7

Altars:
Ashenzari
Okawaru

Shops:
D:1 ?

Annotations:
D:5 1 transporter, Filjor's ghost, novice MiBe


Innate Abilities, Weirdness & Mutations

You have large cloven feet.
You are completely covered in yellow scales. (AC +4, rCorr)


Message History

The gnoll sergeant hits you from afar with a +1 spear of venom.
A centaur comes into view.
You feel sick.
The gnoll sergeant blocks your crimson imp's attack.
The gnoll sergeant hits your crimson imp with a +1 spear of venom!
Your crimson imp dies!
Your crimson imp disappears in a puff of smoke!
You feel sick.
You are no longer poisoned.
The gnoll sergeant hits you but does no damage.
You are poisoned.
You feel very sick.
The gnoll sergeant hits you but does no damage.
You are lethally poisoned!
* * * LOW HITPOINT WARNING * * *
You feel very sick.
Unknown command.
* * * LOW HITPOINT WARNING * * *
You feel very sick.
Do you really want to go berserk while wielding your +2 hunting sling of flaming?
Okay, then.
Your +2 hunting sling of flaming stops flaming.
You feel clever.
You have a feeling of ineptitude.
a - the +5 dagger "Olao" (weapon)
{pain, Int+4}
* * * LOW HITPOINT WARNING * * *
You feel sick. The gnoll sergeant misses you.
A red film seems to cover your vision as you go berserk!
You feel yourself moving faster!
You feel mighty!
* * * LOW HITPOINT WARNING * * *
You feel very sick.
The gnoll sergeant hits you from afar with a +1 spear of venom.
* * * LOW HITPOINT WARNING * * *
You are more poisoned.
You feel a strong urge to attack something.
* * * LOW HITPOINT WARNING * * *
You feel sick. The gnoll sergeant blocks your attack.
The gnoll sergeant is moderately wounded.
You die...

#8#..#...#
#.#...# #
#..#...# #.#...#
....#..##
#.#...# ....
#..g..###...g###
###
#.((....(......#
..###########.#
.........#.#
#.....g.g.#
#.####@#..#
#.#..# #<#..#
###..# #..# ...#
#.## #.# #c#


You could see a gnoll sergeant and a gnoll.

Vanquished Creatures
  A bullfrog (D:3)
  A water moccasin skeleton (D:4)
  A hound (D:4)
  A jelly (D:4)
  A centaur skeleton (D:3)
  An iguana (D:4)
  A hound skeleton (D:4)
  2 adders
  3 gnolls
  An adder skeleton (D:3)
  3 dart slugs (D:1)
  4 orcs (D:3)
  4 endoplasms
  A giant cockroach (D:1)
  6 goblins
  5 hobgoblins
  3 quokkas (D:3)
  5 ball pythons
  5 bats
  3 frilled lizards
  4 kobolds
  7 rats
63 creatures vanquished.

Vanquished Creatures (collateral kills)
  A black bear (D:4)
  An orc priest (D:3)
  An adder (D:2)
  2 orcs
  3 endoplasms
  2 hobgoblins
  A kobold (D:2)
  A ball python (D:1)
  A frilled lizard (D:1)
  A rat (D:1)
14 creatures vanquished.

Vanquished Creatures (others)
  2 plants (D:3)
  2 toadstools (D:4)
4 creatures vanquished.

Grand Total: 81 creatures vanquished

Notes
Turn   | Place    | Note
-------+----------+-------------------------------------------
     0 | D:1      | yaddayadda the Demonspawn Hedge Wizard began the quest for
                  | the Orb.
     0 | D:1      | Reached XP level 1. HP: 13/13 MP: 4/4
   317 | D:1      | Gained mutation: You are partially covered in yellow
                  | scales. (AC +2) [demonic ancestry]
   317 | D:1      | Reached XP level 2. HP: 19/19 MP: 1/6
   855 | D:1      | Gained mutation: You have large cloven feet. [demonic
                  | ancestry]
   855 | D:1      | Reached XP level 3. HP: 19/24 MP: 8/8
   984 | D:1      | Learned a level 2 spell: Call Imp
  1207 | D:1      | Found a faded altar of an unknown god.
  1335 | D:1      | Found Iroajucs's Magic Scroll Emporium.
  1343 | D:1      | Bought a scroll of identify for 20 gold pieces
  1916 | D:2      | Learned a level 2 spell: Blink
  2582 | D:2      | Reached skill level 1 in Fighting
  2868 | D:3      | Noticed a bullfrog
  2882 | D:3      | Killed a bullfrog
  2883 | D:3      | Reached skill level 1 in Translocations
  2883 | D:3      | Gained mutation: You are mostly covered in yellow scales.
                  | (AC +3) [demonic ancestry]
  2883 | D:3      | Reached XP level 4. HP: 32/32 MP: 8/10
  2942 | D:3      | Reached skill level 1 in Slings
  2942 | D:3      | Reached XP level 5. HP: 2/37 MP: 6/11
  3297 | D:3      | Reached skill level 1 in Armour
  3528 | D:3      | Found an iron altar of Okawaru.
  3748 | D:3      | Identified the +5 dagger "Olao" {pain, Int+4}
  3899 | D:4      | Gained mutation: You are completely covered in yellow
                  | scales. (AC +4, rCorr) [demonic ancestry]
  3899 | D:4      | Reached XP level 6. HP: 14/43 MP: 12/12
  4212 | D:4      | Found a broken altar of Ashenzari.
  4975 | D:5      | Entered Level 5 of the Dungeon
  4985 | D:5      | Found a transporter.
  4990 | D:5      | Noticed Filjor's ghost (novice MiBe)
  5119 | D:5      | HP: 3/66 [poisoned by a gnoll sergeant]
  5120 | D:5      | Succumbed to a gnoll sergeant's poison

Illustrated notes

Levels and vault maps discovered:
D:1:      dpeg_arrival_court, layout_basic, serial_shops, shop,
          basic_ecumenical_altar
D:2:      layout_basic
D:3:      layout_rooms, okawaru_gym_becter, serial_bayou_pond_d,
          lemuel_old_faithful
D:4:      layout_basic, amcnicky_altar_gilded, minmay_gold_behind_fungi,
          minmay_misc_feat_roman
D:5:      layout_basic, nicolae_uskayaw_dance_hall, serial_shops,
          shop_fountains, gammafunk_ghost_mausoleum, portal_sewer_entry_a

Skill      XL: |  1  2  3  4  5  6 |
---------------+-------------------+-----
Fighting       | 1 |  1.6
Stealth        | 2 |  2.2
Spellcasting   | 4 |  4.3
Translocations | 1 |  1.1
Dodging        | 2 |  2.0
Slings         | 1 2 4 |  4.0
Armour         | 1 |  1.8
Short Blades   | |  0.4
Conjurations   | |  1.4
Summonings     | |  1.8

Action                   |  1- 3 |  4- 6 || total
-------------------------+-------+-------++-------
Melee: Dagger            |    68 |    23 ||    91
       Punch             |     2 |       ||     2
 Fire: Hunting sling     |    13 |    85 ||    98
 Cast: Magic Dart        |    37 |       ||    37
       Call Imp          |    10 |    13 ||    23
       Blink             |     1 |       ||     1
  Use: Scroll            |     4 |     2 ||     6
       Potion            |     3 |     8 ||    11
 Stab: Sleeping          |     1 |       ||     1
Armor: Robe              |     5 |       ||     5
       Leather armour    |    19 |    22 ||    41
Dodge: Dodged            |    68 |    27 ||    95
